Map: Lerilak Crest

Players

Prevail - Winner!

  • Race: Zerg Zerg
  • League: Platinum

MonSoOn

  • Race: Protoss Protoss
  • League: Platinum

VOD

Have the link to the VOD?

Description

Time

  • Played on: Sept. 26, 2015, 7:50 p.m.
  • Length: 13:13
Show
View Real Time Build Order
Export as new Build Order

Prevail Zerg - Winner!

Build Orders: Hatch First 

Get SALT Encoding   

  12  0:01  Drone  
  13  0:12  Overlord  
  13  0:17  Drone  
  14  0:31  Drone x2  
  16  0:37  Drone  
  17  0:53  Hatchery  
  17  0:55  Drone  
  17  0:58  Drone  
  17  1:01  Extractor  
  17  1:14  Spawning Pool  
  17  1:17  Drone  
  17  1:20  Drone  
  18  1:27  Drone  
  19  1:38  Drone  
  20  1:51  Overlord  
  20  2:01  Queen  
  20  2:03  Metabolic Boost  
  20  2:04  Queen  
  20  2:06  Zergling x2  
  25  2:11  Overlord  
  25  2:15  Drone  
  26  2:18  Drone  
  27  2:25  Evolution Chamber, Drone  
  27  2:29  Drone  
  28  2:32  Drone  
  29  2:42  Queen  
  31  2:50  Queen  
  33  2:52  Drone  
  33  2:55  Drone  
  35  3:01  Zerg Melee Weapons Level 1  
  34  3:17  Hatchery  
  34  3:19  Drone  
  34  3:25  Drone x3  
  37  3:31  Overlord  
  37  3:35  Zergling x4  
  37  3:36  Zergling x2  
  37  3:39  Drone  
  41  3:41  Drone  
  41  3:45  Zergling x2  
  41  3:46  Zergling x2  
  44  3:49  Drone  
  44  3:50  Drone  
  46  4:01  Drone x3  
  46  4:02  Drone  
  50  4:09  Queen  
  52  4:10  Overlord  
  52  4:19  Overlord x2  
  52  4:34  Extractor  
  52  4:35  Drone x7  
  52  4:36  Drone, Extractor  
  58  4:45  Drone x4  
  62  4:55  Drone x7, Zerg Ground Armor Level 1  
  62  4:56  Drone  
  70  5:03  Drone  
  70  5:04  Evolution Chamber  
  70  5:05  Lair  
  70  5:09  Overlord  
  70  5:15  Drone x3  
  73  5:24  Drone, Extractor  
  73  5:25  Overlord x3  
  73  5:32  Drone x2  
  73  5:33  Drone, Extractor  
  73  5:35  Drone  
  76  5:39  Extractor  
  76  5:40  Overlord x4  
  75  5:47  Zergling x6  
  75  5:48  Zergling x8  
  82  6:06  Spire  
  82  6:07  Zerg Melee Weapons Level 2  
  82  6:10  Drone  
  82  6:11  Drone, Spore Crawler  
  83  6:12  Drone x3  
  83  6:13  Drone x2  
  87  6:32  Drone x2  
  89  6:33  Hatchery  
  89  6:34  Drone  
  89  6:41  Infestation Pit  
  89  6:42  Zergling x2  
  89  6:43  Zergling x34  
  106  6:48  Spine Crawler  
  105  7:05  Spore Crawler  
  105  7:06  Spore Crawler  
  105  7:07  Drone  
  105  7:08  Drone x5  
  106  7:09  Drone x7  
  106  7:14  Zerg Ground Armor Level 2  
  116  7:20  Mutalisk x5  
  116  7:22  Mutalisk  
  126  7:24  Overseer  
  128  7:34  Spore Crawler  
  128  7:36  Spine Crawler  
  122  7:49  Extractor  
  121  7:52  Mutalisk x5  
  121  7:53  Mutalisk x6  
  143  8:05  Hive  
  143  8:10  Drone, Extractor  
  143  8:14  Overlord x5  
  143  8:15  Overlord  
  143  8:16  Spore Crawler  
  142  8:21  Zerg Flyer Weapons Level 1  
  142  8:35  Overlord  
  142  8:37  Overseer x2  
  141  8:56  Overlord  
  141  8:57  Overlord, Zergling x2  
  141  8:58  Zergling x8  
  137  9:12  Zergling x18  
  137  9:13  Zergling x32  
  144  9:21  Zerg Melee Weapons Level 3  
  138  9:24  Adrenal Glands, Ultralisk Cavern  
  138  9:26  Corruptor x3  
  137  9:40  Zerg Ground Armor Level 3  
  137  9:53  Corruptor x3  
  140  10:00  Hatchery  
  130  10:11  Chitinous Plating  
  130  10:12  Ultralisk x2  
  137  10:22  Drone x5  
  137  10:26  Ultralisk x2  
  149  10:41  Ultralisk  
  155  10:50  Extractor  
  155  10:53  Extractor  
  155  10:56  Overseer  
  153  10:57  Ultralisk x2  
  153  11:03  Corruptor x2  
  169  11:21  Ultralisk  
  175  11:34  Ultralisk x2  
  187  11:40  Zergling x10  
  187  11:41  Zergling x10  
  177  11:55  Ultralisk  
  177  11:56  Zergling x14  
  177  11:57  Zergling x20  
  196  12:24  Zergling x2  
  196  12:25  Zergling x18  
  196  12:26  Zergling x2  
  196  12:28  Zergling x2  
  196  12:29  Zergling x12  
  185  12:42  Zergling x4  
Show
View Real Time Build Order
Export as new Build Order

MonSoOn Protoss 

Build Orders: 1 Gate Expand 

Get SALT Encoding   

  12  0:00  Probe (Chrono Boost)  
  13  0:11  Probe (Chrono Boost)  
  14  0:19  Pylon  
  14  0:21  Probe (Chrono Boost)  
  15  0:37  Probe (Chrono Boost), Gateway  
  16  0:47  Probe (Chrono Boost), Assimilator  
  17  0:57  Probe (Chrono Boost)  
  18  1:07  Probe (Chrono Boost)  
  19  1:22  Nexus  
  19  1:25  Probe (Chrono Boost)  
  20  1:36  Cybernetics Core  
  20  1:38  Probe (Chrono Boost)  
  21  1:48  Pylon  
  21  1:49  Probe (Chrono Boost)  
  22  1:55  Assimilator  
  22  1:59  Probe (Chrono Boost)  
  23  2:09  Probe (Chrono Boost)  
  24  2:16  Adept, Warp Gate  
  24  2:19  Probe (Chrono Boost)  
  27  2:26  Gateway  
  28  2:32  Mothership Core (Chrono Boost)  
  28  2:34  Probe (Chrono Boost)  
  30  2:44  Stalker, Probe (Chrono Boost)  
  30  2:50  Probe (Chrono Boost)  
  34  2:54  Probe (Chrono Boost)  
  35  3:01  Twilight Council  
  35  3:02  Probe (Chrono Boost)  
  36  3:11  Gateway  
  36  3:13  Probe (Chrono Boost)  
  36  3:14  Probe (Chrono Boost)  
  38  3:23  Probe (Chrono Boost)  
  38  3:25  Probe (Chrono Boost)  
  38  3:26  Pylon  
  40  3:32  Sentry, Probe (Chrono Boost)  
  43  3:35  Probe (Chrono Boost)  
  44  3:42  Probe (Chrono Boost)  
  44  3:43  Assimilator  
  44  3:45  Pylon  
  44  3:47  Probe (Chrono Boost)  
  46  3:55  Sentry  
  48  3:56  Probe (Chrono Boost)  
  48  4:00  Probe (Chrono Boost), Assimilator  
  48  4:01  Pylon  
  50  4:09  Probe (Chrono Boost)  
  51  4:16  Probe (Chrono Boost)  
  51  4:19  Probe (Chrono Boost)  
  51  4:20  Pylon  
  51  4:22  Sentry, Shield Upgrade  
  55  4:26  Probe (Chrono Boost)  
  55  4:30  Probe (Chrono Boost), Forge  
  57  4:32  Robotics Facility  
  57  4:33  Adept  
  59  4:42  Stalker  
  59  4:43  Probe (Chrono Boost)  
  59  4:44  Probe (Chrono Boost)  
  63  4:53  Probe (Chrono Boost)  
  63  4:55  Probe (Chrono Boost)  
  65  5:03  Protoss Ground Weapons Level 1 (Chrono Boost)  
  65  5:06  Nexus  
  65  5:10  Pylon  
  65  5:13  Adept x3  
  71  5:19  Probe (Chrono Boost)  
  71  5:20  Pylon  
  72  5:24  Warp Prism  
  72  5:26  Probe (Chrono Boost)  
  75  5:31  Blink  
  75  5:32  Probe (Chrono Boost)  
  76  5:39  Probe (Chrono Boost)  
  76  5:40  Forge  
  77  5:48  Adept  
  77  5:49  Adept x2  
  83  5:51  Probe x2 (Chrono Boost)  
  85  6:00  Probe (Chrono Boost), Observer  
  85  6:02  Photon Cannon  
  87  6:10  Protoss Shields Level 1 (Chrono Boost)  
  87  6:11  Probe (Chrono Boost)  
  87  6:12  Pylon  
  88  6:18  Probe x2 (Chrono Boost)  
  88  6:20  Assimilator  
  88  6:21  Adept  
  88  6:24  Assimilator  
  92  6:27  Robotics Bay  
  92  6:32  Observer  
  93  6:36  Probe x2  
  95  6:43  Probe  
  95  6:46  Gateway x2  
  96  6:48  Gateway  
  96  6:57  Protoss Ground Weapons Level 2 (Chrono Boost)  
  96  7:00  Immortal  
  100  7:02  Probe, Stargate  
  100  7:05  Photon Cannon  
  100  7:08  Pylon  
  101  7:10  Photon Cannon  
  101  7:19  Pylon  
  101  7:27  Gateway  
  101  7:32  Stalker x3  
  101  7:33  Gateway  
  107  7:39  Disruptor  
  114  7:52  Protoss Shields Level 2 (Chrono Boost)  
  114  7:57  Phoenix  
  112  8:00  Photon Cannon  
  112  8:04  Photon Cannon  
  102  8:06  Photon Cannon  
  102  8:11  Photon Cannon  
  102  8:16  Stalker x4, Photon Cannon  
  110  8:20  Observer, Pylon  
  110  8:25  Phoenix (Chrono Boost)  
  113  8:41  Photon Cannon  
  113  8:43  Adept, Photon Cannon  
  113  8:44  Adept x2  
  113  8:46  Photon Cannon  
  113  8:47  Phoenix (Chrono Boost), Photon Cannon  
  118  9:16  Probe  
  107  9:18  Probe x2  
  107  9:21  Adept x2  
  114  9:24  Stalker  
  114  9:25  Stalker x2  
  114  9:30  Probe  
  114  9:31  Phoenix (Chrono Boost)  
  123  9:39  Photon Cannon  
  123  9:40  Photon Cannon  
  123  9:41  Photon Cannon  
  124  9:49  Disruptor  
  124  9:50  Protoss Ground Weapons Level 3  
  124  9:51  Probe x3, Phoenix (Chrono Boost)  
  131  10:03  Probe  
  132  10:15  Pylon  
  132  10:17  Pylon  
  132  10:20  Pylon  
  132  10:29  Templar Archives  
  132  10:32  Phoenix (Chrono Boost)  
  132  10:35  Immortal  
  138  10:38  Pylon  
  138  10:54  Photon Cannon  
  138  11:12  Void Ray (Chrono Boost)  
  138  11:14  Immortal (Chrono Boost)  
  138  11:18  High Templar x5  
  152  11:24  Pylon  
  152  11:25  Archon x2  
  156  11:26  Pylon x2  
  156  11:28  Pylon  
  155  11:55  Photon Cannon  
  155  11:59  Void Ray  
  155  12:01  Photon Cannon  
  159  12:03  High Templar x2  
  159  12:04  High Templar x6  
  159  12:05  Archon x2  
  159  12:06  Archon x2  
  175  12:13  Immortal (Chrono Boost)  
  116  12:36  High Templar x3  
  93  12:37  High Templar x2  
  93  12:38  Adept  
  93  12:39  Adept  
  93  12:41  Archon x2  
  100  12:44  Adept  
  105  13:06  Adept x3  
Tags
 
Add a new tag
Caveats
  • Supply blocks, unpowered buildings, or Contaminate may cause inaccurate times.
  • Supply counts are checked every 10 seconds.